 Dungeon Crawl Stone Soup version 0.29.1-2-gbd0b4ee654 (webtiles) character file.

Game seed: 12159694115124790661

594 safid the Shooter (level 7, -2/66 HPs)
             Began as a Minotaur Hunter on Nov 17, 2022.
             Slain by an elf zombie (5 damage)
             ... in an ossuary.
             The game lasted 00:06:54 (3811 turns).

safid the Shooter (Minotaur Hunter)                 Turns: 3811, Time: 00:06:54

Health: -2/66      AC:  6    Str: 13 (15) XL:     7   Next: 16%
Magic:  6/6        EV: 12    Int:  3 (6)  God:
Gold:   192        SH:  0    Dex: 13 (16) Spells: 6/6 levels left

rFire   + . .      SeeInvis .   a - +0 shortbow
rCold   . . .      Faith    .   (shield currently unavailable)
rNeg    . . .      Spirit   .   m - +2 leather armour {rF+}
rPois   .          Reflect  .   (helmet restricted)
rElec   .          Harm     .   (no cloak)
rCorr   .          Rampage  .   u - +0 pair of gloves
Will    .....                   (no boots)
Stlth   +.........              (no amulet)
HPRegen 0.21/turn               (no ring)
MPRegen 0.10/turn               (no ring)

@: flying, hasted, very quick
A: horns 2, retaliatory headbutt
a: no special abilities


You were in an ossuary.
You visited 1 branch of the dungeon, and saw 5 of its levels.
You also visited: Ossuary.

You collected 192 gold pieces.

Inventory:

Hand Weapons
 a - a +0 shortbow (weapon)
Armour
 m - a +2 leather armour of fire resistance (worn)
 u - a +0 pair of gloves (worn)
Jewellery
 s - a ring of ice
Wands
 t - a wand of flame (16)
Scrolls
 b - a scroll of torment {unknown}
 d - 7 scrolls of identify {unknown}
 e - 3 scrolls of teleportation {unknown}
 f - 2 scrolls of magic mapping {unknown}
 h - a scroll of amnesia {unknown}
 k - a scroll of enchant armour {unknown}
 l - a scroll of vulnerability {unknown}
 n - a scroll of noise {unknown}
 o - 2 scrolls of enchant weapon {unknown}
 p - a scroll of blinking {unknown}
 r - a scroll of silence {unknown}
Potions
 q - a potion of brilliance {unknown}
 v - a potion of lignification {unknown}


   Skills:
 + Level 7.0 Fighting
 + Level 7.4 Ranged Weapons
 - Level 2.1 Dodging
 - Level 0.7 Stealth


You had 6 spell levels left.
You didn't know any spells.
Your spell library contained the following spells:

 Spells                   Type           Power      Damage    Failure   Level
 Magic Dart               Conj           0%         1d3       61%         1
 Call Imp                 Summ           0%         N/A       75%         2
 Mephitic Cloud           Conj/Pois/Air  0%         N/A       93%         3


Dungeon Overview and Level Annotations

Branches:
Dungeon (5/15)            Ossuary (1/1)
 Temple: D:4-7

Altars:
Dithmenos
Trog

Shops:
D:2 *


Innate Abilities, Weirdness & Mutations

You have a pair of horns on your head.
You reflexively headbutt those who attack you in melee.


Message History

You shoot an arrow. The arrow hits the human zombie.
The human zombie is moderately damaged.
The human zombie closely misses you. x2; You furiously retaliate!
You headbutt the human zombie! The elf zombie hits you.
* * * LOW HITPOINT WARNING * * *
Fire: a) +0 shortbow
Press: ? - help, Q - select action, (/) - cycle Shift-Dir - straight line, f/p - human zombie
Aim: a human zombie (moderately damaged, 72% to hit)
You shoot an arrow. The arrow hits the human zombie!
The human zombie is heavily damaged.
The human zombie hits you but does no damage. x2
Fire: a) +0 shortbow
Press: ? - help, Q - select action, (/) - cycle Shift-Dir - straight line, f/p - human zombie
Aim: a human zombie (heavily damaged, 72% to hit)
You shoot an arrow. The arrow hits the human zombie.
The human zombie is heavily damaged.
The elf zombie barely misses you. The human zombie hits you.
* * * LOW HITPOINT WARNING * * *
The human zombie barely misses you.
Fire: a) +0 shortbow
Press: ? - help, Q - select action, (/) - cycle Shift-Dir - straight line, f/p - human zombie
Aim: a human zombie (heavily damaged, 72% to hit)
You shoot an arrow.
The arrow closely misses the human zombie.
The elf zombie barely misses you.
The human zombie hits you but does no damage. x2
It was a potion of degeneration.
There was something very wrong with that liquid.
You feel weakened.
You feel dopey.
You feel clumsy.
The elf zombie hits you but does no damage.
The human zombie closely misses you. x2
It was a potion of flight.
You feel very buoyant.
You fly up into the air.
The elf zombie barely misses you.
The human zombie hits you but does no damage.
It was a potion of haste.
You feel yourself speed up. The human zombie hits you.
* * * LOW HITPOINT WARNING * * *
The elf zombie hits you.
You die...

...............
...............
...............
...............
...............
...............
.......Z.......
.......@.......
......Z.Z......
...............
...............
...............
...............
...............
...............


You could see an elf zombie and 2 human zombies.

Vanquished Creatures
  Duvessa (D:4)
  A phantom (D:4)
  2 scorpions
  Dowan (D:4)
  A hound (D:4)
  2 iguanas
  A hound zombie (Ossuary)
  An adder (D:5)
  2 adder zombies (Ossuary)
  A worm (D:4)
  3 dart slugs (D:2)
  12 orcs
  8 ball pythons
  7 bats
  3 endoplasms
  6 giant cockroaches
  2 gnoll zombies (Ossuary)
  11 goblins
  8 hobgoblins
  3 quokkas
  8 frilled lizards
  A hobgoblin zombie (Ossuary)
  11 kobolds
  An orc zombie (Ossuary)
  12 rats
  2 rat zombies (Ossuary)
111 creatures vanquished.

Notes
Turn   | Place    | Note
-------+----------+-------------------------------------------
     0 | D:1      | safid the Minotaur Hunter began the quest for the Orb.
     0 | D:1      | Reached XP level 1. HP: 18/18 MP: 0/0
   232 | D:1      | Reached XP level 2. HP: 24/25 MP: 1/1
   837 | D:1      | Reached skill level 5 in Ranged Weapons
   837 | D:1      | Reached XP level 3. HP: 31/31 MP: 2/2
  1007 | D:2      | Found a faded altar of an unknown god.
  1348 | D:2      | Found Dasuom's Assorted Antiques.
  1899 | D:3      | Reached XP level 4. HP: 40/40 MP: 3/3
  1917 | D:3      | Found a bloodstained altar of Trog.
  2308 | D:3      | Found a shadowy altar of Dithmenos.
  2547 | D:4      | Reached skill level 5 in Fighting
  2547 | D:4      | Reached XP level 5. HP: 48/48 MP: 4/4
  2858 | D:4      | Noticed Dowan
  2859 | D:4      | Noticed Duvessa
  3243 | D:4      | Killed Duvessa
  3244 | D:4      | Reached XP level 6. HP: 28/57 MP: 5/5
  3255 | D:4      | Killed Dowan
  3716 | D:5      | Entered Level 5 of the Dungeon
  3723 | D:5      | Reached XP level 7. HP: 64/64 MP: 6/6
  3773 | D:5      | Found a sand-covered staircase.
  3778 | Ossuary  | Entered an ossuary
  3811 | Ossuary  | HP: 3/66 [human zombie (2)]
  3811 | Ossuary  | Slain by an elf zombie

Illustrated notes

Levels and vault maps discovered:
D:1:      dpeg_arrival_stone_temple_mockup, layout_basic, minmay_misc_feat_roman
D:2:      layout_basic, shapermc_ecumenical_altar_flowoftime, serial_shops,
          shop, minmay_small_reverse_x
D:3:      layout_basic, mainiacjoe_overflow_large_starburst, minmay_distorted
D:4:      layout_cave_pools, grunt_decor_cap, uniq_duvessa
D:5:      layout_basic, minmay_temple_entry_statues,
          lightli_ossuary_entry_decrepit_ruins
Ossuary:  ossuary_minmay_tomb_2a

Skill      XL: |  1  2  3  4  5  6  7 |
---------------+----------------------+-----
Fighting       | 3 4 5 6 7 |  7.0
Ranged Weapons | 5 6 7 |  7.4
Dodging        | |  2.1
Stealth        | |  0.7

Action                   |  1- 3 |  4- 6 |  7- 9 || total
-------------------------+-------+-------+-------++-------
 Fire: Shortbow          |   141 |   164 |    37 ||   342
  Use: Potion            |       |       |     6 ||     6
Armor: Leather armour    |    18 |    20 |    44 ||    82
Dodge: Dodged            |    34 |    65 |    68 ||   167
